 Dungeon Crawl Stone Soup version 0.15.0-18-g9076a4f (webtiles) character file.

107 JerBear56 the Skirmisher (level 4, 0/33 HPs)
             Began as a Gargoyle Berserker on Sept 6, 2014.
             Was a Believer of Trog.
             Killed by divine providence
             ... invoked by an orc priest
              (12 damage)
             ... on Level 3 of the Dungeon.
             The game lasted 00:09:25 (1490 turns).

JerBear56 the Skirmisher (Gargoyle Berserker)       Turns: 1490, Time: 00:09:25

HP   0/33        AC 10     Str 21      XL: 4   Next: 86%
MP  13/13        EV 10     Int  8      God: Trog [**....]
Gold 93          SH  0     Dex  9      Spells:  0 memorised,  3 levels left

rFire  . . .     SeeInvis .     a - +1 mace
rCold  . . .     Clarity  .     e - +1 ring mail
rNeg   + . .     rCorr    .     (no shield)
rPois  +         rRot     +     (no helmet)
rElec  +         Spirit   .     (no cloak)
SustAb .         Warding  .     (no gloves)
rMut   .         Stasis   .     (no boots)
Gourm  .                        (no amulet)
MR     +....                    (no ring)
                                f - ring of magical power

@: somewhat resistant to hostile enchantments, extremely unstealthy
A: talons 1, magic resistance 1, negative energy resistance 1, robust 1,
electricity resistance, unbreathing, petrification resistance, rot immunity, AC
+3
a: Burn Spellbooks, Berserk, Trog's Hand, Renounce Religion


You were on level 3 of the Dungeon.
You worshipped Trog.
Trog was pleased with you.
You were not hungry.

You visited 1 branch of the dungeon, and saw 3 of its levels.

You collected 93 gold pieces.

Inventory:

Hand weapons
 a - a +1 mace (weapon)
Missiles
 g - 12 stones (quivered)
Armour
 e - a +1 ring mail (worn)
 i - a +0 buckler
Comestibles
 c - 2 bread rations
 d - 3 meat rations
 h - a chunk of jackal flesh
 n - a rotting chunk of kobold flesh
Scrolls
 b - a scroll of identify
 j - a scroll of fog
 l - a scroll of teleportation
 o - a scroll of remove curse
Jewellery
 f - a ring of magical power (left hand)


   Skills:
 * Level 4.3 Fighting
 * Level 3.6 Maces & Flails
 + Level 2.5 Armour
 + Level 2.1 Dodging
 * Level 1.9 Shields


You had 3 spell levels left.
You didn't know any spells.

Dungeon Overview and Level Annotations

Branches:
Dungeon (3/15)

Altars:
Ashenzari


Innate Abilities, Weirdness & Mutations

You are resistant to torment.
You are immune to poison.
Your stone body is very resilient (AC +3).
You resist negative energy.
You are resistant to electric shocks.
You can survive without breathing.
You are immune to petrification.
You are immune to rotting.
You have sharp toenails.
You are resistant to hostile enchantments.
You are robust (+10% HP).


Message History

An orc comes into view. It is wielding a club.
You see here a tomahawk of returning.
Read which item? (? for menu, Esc to quit)
Okay, then.
You aren't carrying any potions.
Read which item? (? for menu, Esc to quit)
As you read the scroll labeled MIOTTAFUGO, it crumbles to dust.
It is a scroll of enchant weapon.
Enchant which weapon? (? for menu, Esc to quit)
Your +0 mace glows red for a moment.
The orc shouts!
A rat comes into view.
You hit the orc.
The orc is heavily wounded.
The orc closely misses you.
The rat moves out of view.
You hit the orc.
The orc is heavily wounded.
The orc priest mumbles some strange prayers to Beogh against you.
Something smites you!
You die...

... (..###..# #. ..?.
.. #..# #. ... #..#
#. #.# #..###. #.####
##.....
+....########..##.
#.................
#.....####.....>##
(...#@....####.######
.....o.o..((......#
...o.......#######
######..$..# #....##
#....# #...[# #....#
....#


You could see an orc priest and 2 orcs.

Vanquished Creatures
  Jessica (D:2)
  7 adders
  2 giant geckos
  5 goblins
  A hobgoblin (D:1)
  3 jackals (D:3)
  A ball python (D:2)
  2 bats
  2 giant cockroaches (D:2)
  3 kobolds
  5 rats
32 creatures vanquished.

Notes
Turn   | Place    | Note
--------------------------------------------------------------
     0 | D:1      | JerBear56, the Gargoyle Berserker, began the quest for the Orb.
     0 | D:1      | Reached XP level 1. HP: 14/14 MP: 1/1
   402 | D:1      | Reached XP level 2. HP: 19/19 MP: 2/2
   586 | D:1      | Gained mutation: You are resistant to hostile enchantments. [potion of mutation]
   586 | D:1      | Gained mutation: You are robust (+10% HP). [potion of mutation]
   586 | D:1      | Gained mutation: You have sharp toenails. [potion of mutation]
   644 | D:2      | Found a shattered altar of Ashenzari.
   660 | D:1      | Reached skill level 1 in Shields
   660 | D:1      | Reached XP level 3. HP: 18/26 MP: 3/3
   826 | D:2      | Noticed Jessica
   839 | D:2      | Killed Jessica
   839 | D:2      | Reached skill level 4 in Fighting
   999 | D:2      | Reached XP level 4. HP: 31/31 MP: 4/4
  1145 | D:2      | Acquired Trog's second power
  1490 | D:3      | Killed from afar by an orc priest

Action                   |  1- 3 |  4- 6 || total
-------------------------+-------+-------++-------
Melee: Mace              |    49 |    49 ||    98
Throw: Stone             |    12 |     6 ||    18
Invok: Berserk           |     1 |       ||     1
  Use: Scroll            |     3 |     4 ||     7
       Potion            |     1 |     3 ||     4
  Eat: Chunk             |     1 |     2 ||     3
